 Dungeon Crawl Stone Soup version 0.22-a0-521-gb1378044ac (webtiles) character file.

7984 M4edhros the Prestidigitator (level 11, -1/83 HPs)
             Began as a Gnoll Artificer on June 20, 2018.
             Was a Follower of Cheibriados.
             Slain by a yak (11 damage)
             ... on level 10 of the Dungeon on June 21, 2018.
             The game lasted 00:26:35 (4323 turns).

M4edhros the Prestidigitator (Gnoll Artificer)      Turns: 4323, Time: 00:26:36

Health: -1/83      AC: 12    Str: 16    XL:     11   Next: 23%
Magic:  19/20      EV: 17    Int: 18    God:    Cheibriados [*.....]
Gold:   287        SH:  8    Dex: 21    Spells: 19/22 levels left

rFire    . . .     SeeInvis .   r - +0 short sword (elec)
rCold    . . .     Gourm    .   x - +2 buckler
rNeg     . . .     Faith    .   u - +1 ring mail of Waus {Stlth+}
rPois    .         Spirit   .   e - +0 helmet
rElec    .         Reflect  .   t - +0 cloak
rCorr    .         Harm     .   s - +0 pair of gloves
MR       +....                  v - +0 pair of boots
Stlth    ++++......             (no amulet)
HPRegen  0.23/turn              (no ring)
MPRegen  0.17/turn              (no ring)

@: very slow
A: distributed training, fangs 1, clever 1, magic resistance 1, sense
surroundings 1, strong nose
a: Bend Time, Renounce Religion


You were on level 10 of the Dungeon.
You worshipped Cheibriados.
Cheibriados was aware of your devotion.
You were near starving.

You visited 2 branches of the dungeon, and saw 12 of its levels.

You collected 377 gold pieces.
You spent 90 gold pieces at shops.

Inventory:

Hand Weapons
 a - a +0 short sword
 h - a +0 scimitar
 r - a +0 short sword of electrocution (weapon)
 w - a +4 whip of draining
Missiles
 A - 2 throwing nets (quivered)
Armour
 e - a +0 helmet (worn)
 m - a +0 plate armour
 q - a +1 leather armour of poison resistance
 s - a +0 pair of gloves (worn)
 t - a +0 cloak (worn)
 u - the +1 ring mail of Waus (worn) {Stlth+}
   (You found it on level 4 of the Dungeon)

   It makes you more stealthy.
 v - a +0 pair of boots (worn)
 x - a +2 buckler (worn)
Magical Staves
 z - an uncursed staff of cold
Wands
 c - a wand of flame (33)
 d - a wand of enslavement (1)
 n - a wand of paralysis (3)
 p - a wand of acid (7)
Scrolls
 b - a scroll of fog
 g - 2 scrolls of noise
 k - 4 scrolls of teleportation
 o - a scroll of identify
 y - a scroll of enchant armour {unknown}
 B - a scroll of amnesia {unknown}
Potions
 i - a potion of lignification
 j - a potion of resistance
Comestibles
 f - 12 rations


   Skills:
 + Level 6.6 Fighting
 + Level 6.6 Short Blades
 + Level 6.0 Long Blades
 + Level 6.0 Axes
 + Level 6.0 Maces & Flails
 + Level 6.0 Polearms
 + Level 6.0 Staves
 + Level 6.0 Slings
 + Level 6.0 Bows
 + Level 6.0 Crossbows
 + Level 6.0 Throwing
 + Level 6.0 Armour
 + Level 7.6 Dodging
 + Level 6.5 Stealth
 + Level 6.0 Shields
 + Level 6.0 Unarmed Combat
 + Level 6.0 Spellcasting
 + Level 4.9 Conjurations
 + Level 4.9 Hexes
 + Level 4.9 Charms
 + Level 4.9 Summonings
 + Level 4.9 Necromancy
 + Level 4.9 Translocations
 + Level 4.9 Transmutations
 + Level 4.9 Fire Magic
 + Level 4.9 Ice Magic
 + Level 4.9 Air Magic
 + Level 4.9 Earth Magic
 + Level 4.9 Poison Magic
 + Level 6.5 Invocations
 + Level 9.0 Evocations


You had 19 spell levels left.
You knew the following spells:

 Your Spells              Type           Power        Failure   Level  Hunger
a - Dazzling Spray        Conj/Hex       ###...       9%          3    ##.....

Your spell library contained the following spells:

 Spells                   Type           Power        Failure   Level  Hunger
 Magic Dart               Conj           ###.         2%          1    None
 Fireball                 Conj/Fire      ###.......   58%         5    #####..
 Bolt of Fire             Conj/Fire      ###.......   99%         6    #######
 Ring of Flames           Chrm/Fire      ###.......   100%        7    #######
 Iskenderun's Mystic Bla  Conj           ###.....     26%         4    ####...
 Ignite Poison            Fire/Tmut/Pois ###.....     9%          3    ##.....
 Fulminant Prism          Conj/Hex       ###.......   26%         4    ####...
 Force Lance              Conj/Tloc      ###.....     26%         4    ####...
 Searing Ray              Conj           ###...       4%          2    None
 Ignition                 Fire           ###.......   100%        8    #######


Dungeon Overview and Level Annotations

Branches:
Dungeon (11/15)            Temple (1/1) D:5            Lair (0/6) D:9
    Orc (0/2) D:9

Altars:
Ashenzari
Cheibriados
Dithmenos
Elyvilon
Fedhas
Gozag
Hepliaklqana
Nemelex Xobeh
Okawaru
Qazlal
Ru
Trog
Uskayaw
Vehumet
Wu Jian
Xom
Yredelemnul
Zin
The Shining One
Beogh

Shops:
D:4 [(*   D:7 [   D:10 }}:

Annotations:
D:2 Terence


Innate Abilities, Weirdness & Mutations

Your experience applies equally to all skills.
You have very sharp teeth.
Your uncanny sense of smell can sniff out nearby items.
Your mind is acute. (Int +2)
You are resistant to hostile enchantments. (MR+)
You passively map a small area around you.


Message History

Your Shields skill increases to level 6!
Your Unarmed Combat skill increases to level 6!
Your Spellcasting skill increases to level 6!
You closely miss the necrophage. The necrophage completely misses you.
You hit the necrophage.
Lightning courses through the necrophage!
The necrophage is severely damaged.
The necrophage closely misses you.
You aren't carrying any pieces of jewellery.
You hit the necrophage.
Lightning courses through the necrophage!
You destroy the necrophage!
Cheibriados thoroughly appreciates the change of pace.
You hit the yak. Lightning courses through the yak!
The yak is almost dead.
The yak completely misses you.
You hit the yak. You bite the yak.
The yak is almost dead.
The yak gores you!
You die...

#.............(..∩........+
#.............##⌠.⌠#####.##
#.............###### #.##
#...........).##########.##
#.............##...........
########.##...##...........
#.##...##...........
#.##...##...........
#>Y@................
##########[##...##...........
#(..........#...##...........
#.........n.#...##...........
#...........##############+##
#.......†...# , #
#...........# #
##########'#### #
...........#* * #


You could see a yak.

Vanquished Creatures
  A two-headed ogre (D:8)
  A cyclops (D:11)
  Maurice (D:9)
  2 trolls (D:10)
  A queen bee (D:9)
  2 wyverns
  3 yaks (D:10)
  A hungry ghost (D:10)
  5 orc warriors
  An ice beast (D:8)
  A sky beast (D:10)
  3 necrophages
  5 ogres
  4 phantoms
  5 centaurs
  A crocodile (D:7)
  A bullfrog (D:8)
  Blork the orc (D:9)
  A scorpion (D:5)
  6 wights
  10 killer bees (D:9)
  8 howler monkeys
  An electric eel (D:10)
  6 crimson imps
  A bullfrog zombie (D:11)
  A hound (D:4)
  3 jellies
  A quasit (D:7)
  8 orc priests
  10 orc wizards
  2 centaur skeletons
  3 iguanas
  2 worker ants
  Ijyb (D:3)
  2 worker ant zombies
  3 gnolls (D:7)
  8 adders
  A shadow imp (D:10)
  2 adder skeletons
  3 leopard geckos
  42 orcs
  2 giant cockroaches (D:1)
  2 goblins (D:2)
  2 hobgoblins
  8 jackals
  4 quokkas
  A bat (D:2)
  2 frilled lizards
  A jackal zombie (D:5)
  A quokka skeleton (D:5)
187 creatures vanquished.

Vanquished Creatures (collateral kills)
  A killer bee (D:9)
  An orc wizard (D:10)
  Robin (D:2)
  4 orcs
  4 goblins (D:2)
  A hobgoblin (D:2)
12 creatures vanquished.

Vanquished Creatures (others)
  2 hippogriffs (D:10)
  A gnoll sergeant (D:9)
  3 killer bees (D:9)
6 creatures vanquished.

Grand Total: 205 creatures vanquished

Notes
Turn   | Place    | Note
-------+----------+-------------------------------------------
     0 | D:1      | M4edhros the Gnoll Artificer began the quest for the Orb.
     0 | D:1      | Reached XP level 1. HP: 17/17 MP: 4/4
   269 | D:2      | Noticed Terence
   289 | D:2      | Reached XP level 2. HP: 22/23 MP: 6/6
   299 | D:2      | Killed Robin
   430 | D:3      | Reached XP level 3. HP: 7/28 MP: 7/7
   437 | D:3      | Reached skill level 1 in Long Blades
   437 | D:3      | Reached skill level 1 in Axes
   437 | D:3      | Reached skill level 1 in Maces & Flails
   437 | D:3      | Reached skill level 1 in Polearms
   437 | D:3      | Reached skill level 1 in Staves
   437 | D:3      | Reached skill level 1 in Slings
   437 | D:3      | Reached skill level 1 in Bows
   437 | D:3      | Reached skill level 1 in Crossbows
   437 | D:3      | Reached skill level 1 in Throwing
   437 | D:3      | Reached skill level 1 in Armour
   437 | D:3      | Reached skill level 1 in Shields
   437 | D:3      | Reached skill level 1 in Unarmed Combat
   437 | D:3      | Reached skill level 1 in Spellcasting
   437 | D:3      | Reached skill level 1 in Invocations
   444 | D:3      | Found a faded altar of an unknown god.
   570 | D:3      | Reached XP level 4. HP: 21/34 MP: 8/8
   575 | D:3      | Noticed Ijyb
   588 | D:3      | Killed Ijyb
   625 | D:4      | Found Sigyud's Armour Shop.
   633 | D:4      | Bought a +0 pair of gloves for 45 gold pieces
   633 | D:4      | Bought a +0 cloak for 45 gold pieces
   656 | D:4      | Found a blossoming altar of Fedhas.
   660 | D:4      | Noticed an ogre
   663 | D:4      | Killed an ogre
   663 | D:4      | Reached skill level 1 in Conjurations
   663 | D:4      | Reached skill level 1 in Hexes
   663 | D:4      | Reached skill level 1 in Charms
   663 | D:4      | Reached skill level 1 in Summonings
   663 | D:4      | Reached skill level 1 in Necromancy
   663 | D:4      | Reached skill level 1 in Translocations
   663 | D:4      | Reached skill level 1 in Transmutations
   663 | D:4      | Reached skill level 1 in Fire Magic
   663 | D:4      | Reached skill level 1 in Ice Magic
   663 | D:4      | Reached skill level 1 in Air Magic
   663 | D:4      | Reached skill level 1 in Earth Magic
   663 | D:4      | Reached skill level 1 in Poison Magic
   663 | D:4      | Reached XP level 5. HP: 29/41 MP: 8/10
   670 | D:4      | Found a stormy altar of Qazlal.
   696 | D:4      | Found Yzxoq's Weapon Shoppe.
   741 | D:4      | Got a distressingly furry ring mail
   752 | D:4      | Identified the +1 ring mail of Waus {Stlth+} (You found it on level 4 of the Dungeon)
   769 | D:4      | Noticed an ogre
   778 | D:4      | Reached XP level 6. HP: 22/47 MP: 11/11
   779 | D:4      | Reached skill level 5 in Dodging
   781 | D:4      | Found Zin's Purification Station.
   839 | D:4      | Found a glowing silver altar of Zin.
   899 | D:5      | Entered Level 5 of the Dungeon
  1051 | D:5      | Reached XP level 7. HP: 30/52 MP: 12/12
  1118 | D:5      | Reached skill level 7 in Evocations
  1126 | D:5      | Found a staircase to the Ecumenical Temple.
  1148 | Temple   | Entered the Ecumenical Temple
  1778 | D:7      | Reached XP level 8. HP: 57/60 MP: 13/13
  2207 | D:8      | Noticed a two-headed ogre
  2219 | D:8      | Killed a two-headed ogre
  2219 | D:8      | Reached XP level 9. HP: 67/67 MP: 13/15
  2249 | D:8      | Found a sparkling altar of Nemelex Xobeh.
  2434 | D:8      | Reached skill level 5 in Fighting
  2434 | D:8      | Reached skill level 5 in Short Blades
  2554 | D:9      | Reached skill level 5 in Stealth
  2557 | D:9      | Noticed Blork the orc
  2567 | D:9      | Killed Blork the orc
  2567 | D:9      | Reached skill level 8 in Evocations
  2644 | D:9      | Found a staircase to the Lair.
  2645 | D:9      | Noticed a queen bee
  2658 | D:9      | Gained mutation: You passively map a small area around you. [potion of mutation]
  2658 | D:9      | Gained mutation: Your mind is acute. (Int +2) [potion of mutation]
  2658 | D:9      | Gained mutation: You are resistant to hostile enchantments. (MR+) [potion of mutation]
  2668 | D:9      | Reached skill level 5 in Invocations
  2673 | D:9      | Killed a queen bee
  2688 | D:9      | Reached XP level 10. HP: 35/73 MP: 15/17
  2909 | D:9      | Noticed Maurice
  2910 | D:9      | Found a staircase to the Orcish Mines.
  3061 | D:9      | Killed Maurice
  3061 | D:9      | Reached skill level 5 in Long Blades
  3061 | D:9      | Reached skill level 5 in Axes
  3061 | D:9      | Reached skill level 5 in Maces & Flails
  3061 | D:9      | Reached skill level 5 in Polearms
  3061 | D:9      | Reached skill level 5 in Staves
  3061 | D:9      | Reached skill level 5 in Slings
  3061 | D:9      | Reached skill level 5 in Bows
  3061 | D:9      | Reached skill level 5 in Crossbows
  3061 | D:9      | Reached skill level 5 in Throwing
  3061 | D:9      | Reached skill level 5 in Armour
  3061 | D:9      | Reached skill level 5 in Shields
  3061 | D:9      | Reached skill level 5 in Unarmed Combat
  3061 | D:9      | Reached skill level 5 in Spellcasting
  3139 | D:9      | Learned a level 3 spell: Dazzling Spray
  3306 | D:8      | Found a roughly hewn altar of Beogh.
  3369 | D:7      | Found Ziceteh's Antique Armour Shop.
  3922 | D:9      | Found a shattered altar of Ashenzari.
  3922 | D:9      | Found a hazy altar of Hepliaklqana.
  3927 | D:9      | Found a snail-covered altar of Cheibriados.
  3929 | D:9      | Found an opulent altar of Gozag.
  3931 | D:9      | Found a sacrificial altar of Ru.
  3934 | D:9      | Became a worshipper of Cheibriados the Contemplative
  3949 | D:10     | Entered Level 10 of the Dungeon
  4015 | D:10     | Killed a troll
  4070 | D:10     | Found Igafaur's Book Emporium.
  4129 | D:11     | Reached * piety under Cheibriados
  4132 | D:11     | Noticed a cyclops
  4139 | D:11     | HP: 1/76 [cyclops/large rock (22)]
  4145 | D:11     | Killed a cyclops
  4145 | D:11     | Reached XP level 11. HP: 3/83 MP: 19/19
  4216 | D:10     | Found Xolagruje's Gadget Emporium.
  4242 | D:10     | Found Urumuiw's Gadget Shoppe.
  4304 | D:10     | Reached skill level 9 in Evocations
  4323 | D:10     | Slain by a yak

Vault maps used:
D:1:      dpeg_arrival_radiant
D:2:      lemuel_zombie_altar_kikubaaqudgha, serial_bayou, serial_bayou_ford_a,
          serial_bayou_pond_b, serial_bayou_pond_e, serial_bayou_pond_c,
          uniq_robin, uniq_jessica, uniq_terence
D:3:      chequers_ecumenical_altar_simple_redux, uniq_ijyb
D:4:      grunt_temple_overflow_forces_of_nature, zin_purify, serial_shops,
          shop, shop, kennysheep_little_box, nicolae_shop_trees, first_ration,
          lightli_minifort
D:5:      minmay_temple_entry_large_hall, portal_sewer_entry_e, minivault_14
D:6:      marbit_many_paths, makhleb_grotto_becter
D:7:      serial_shops, nicolae_shop_temple_entry_statues_fountains
D:8:      lemuel_crystal_altar, special_room
D:9:      chequers_temple_overflow_minitemple, lair_entry_dummy, david_orc_2,
          david_nohive_1, sword_in_stone, uniq_maurice
D:10:     serial_shops, shop, shop_coins, shop,
          nicolae_shop_competitors_out_of_business, shop_fountains,
          fountainhead, lightli_corner_chamber
D:11:     kennysheep_generic_room_3, uniq_nergalle
Temple:   jpeg_temple_alley_garden

Skill      XL: |  1  2  3  4  5  6  7  8  9 10 11 |
---------------+----------------------------------+-----
Long Blades    | 1 2 4 5 6 |  6.0
Axes           | 1 2 4 5 6 |  6.0
Maces & Flails | 1 2 4 5 6 |  6.0
Polearms       | 1 2 4 5 6 |  6.0
Staves         | 1 2 4 5 6 |  6.0
Slings         | 1 2 4 5 6 |  6.0
Bows           | 1 2 4 5 6 |  6.0
Crossbows      | 1 2 4 5 6 |  6.0
Throwing       | 1 2 4 5 6 |  6.0
Armour         | 1 2 4 5 6 |  6.0
Shields        | 1 2 4 5 6 |  6.0
Unarmed Combat | 1 2 4 5 6 |  6.0
Spellcasting   | 1 2 4 5 6 |  6.0
Invocations    | 1 2 3 4 5 6 |  6.5
Fighting       | 3 4 5 6 |  6.6
Short Blades   | 3 4 5 6 |  6.6
Conjurations   | 1 2 3 4 |  4.9
Hexes          | 1 2 3 4 |  4.9
Charms         | 1 2 3 4 |  4.9
Summonings     | 1 2 3 4 |  4.9
Necromancy     | 1 2 3 4 |  4.9
Translocations | 1 2 3 4 |  4.9
Transmutations | 1 2 3 4 |  4.9
Fire Magic     | 1 2 3 4 |  4.9
Ice Magic      | 1 2 3 4 |  4.9
Air Magic      | 1 2 3 4 |  4.9
Earth Magic    | 1 2 3 4 |  4.9
Poison Magic   | 1 2 3 4 |  4.9
Dodging        | 5 6 7 |  7.6
Stealth        | 3 4 5 6 |  6.5
Evocations     | 7 8 9 |  9.0

Action                   |  1- 3 |  4- 6 |  7- 9 | 10-12 || total
-------------------------+-------+-------+-------+-------++-------
Melee: Short sword       |    55 |   120 |    66 |   244 ||   485
       Bite              |     6 |    11 |    60 |    50 ||   127
       Punch             |     2 |     3 |     2 |       ||     7
       Scimitar          |       |       |   308 |   146 ||   454
Evoke: Wand              |     8 |     9 |    17 |    35 ||    69
  Use: Scroll            |       |       |     5 |       ||     5
       Potion            |       |       |     7 |     2 ||     9
 Stab: Sleeping          |     2 |       |     2 |     3 ||     7
       Paralysed         |       |    11 |    17 |    17 ||    45
       Confused          |       |       |     1 |       ||     1
  Eat: Chunk             |       |       |     7 |     5 ||    12
Armor: Leather armour    |    24 |    15 |       |       ||    39
       Ring mail         |       |    13 |    90 |    91 ||   194
       Skin              |       |       |    81 |    28 ||   109
       Scale mail        |       |       |    26 |       ||    26
Dodge: Dodged            |    54 |    81 |   223 |   195 ||   553
Block: Buckler           |       |       |   171 |   119 ||   290
       Rpst.: Scimitar   |       |       |    51 |    21 ||    72

Table legend:
 A = Spawn XP
 B = Non-spawn XP
 C = Spawn XP percentage of total XP
 D = Spawn monster count
 E = Non-spawn monster count
 F = Spawn count percentage of total count
 G = Total turns spent on level
                    A         B        C        D         E        F      G
               +---------+---------+-------+---------+---------+-------+---------
         Total |       0 |   11406 |   0.0 |       0 |     199 |   0.0 |  4323
               +---------+---------+-------+---------+---------+-------+---------
           D:1 |       0 |       7 |   0.0 |       0 |       4 |   0.0 |   247
           D:2 |       0 |      24 |   0.0 |       0 |      12 |   0.0 |   228
           D:3 |       0 |      95 |   0.0 |       0 |       6 |   0.0 |   143
           D:4 |       0 |     341 |   0.0 |       0 |      11 |   0.0 |   281
           D:5 |       0 |     586 |   0.0 |       0 |      19 |   0.0 |   624
           D:6 |       0 |     270 |   0.0 |       0 |       6 |   0.0 |   295
           D:7 |       0 |    1104 |   0.0 |       0 |      29 |   0.0 |   540
           D:8 |       0 |    2476 |   0.0 |       0 |      45 |   0.0 |   834
           D:9 |       0 |    2522 |   0.0 |       0 |      32 |   0.0 |   678
          D:10 |       0 |    2861 |   0.0 |       0 |      30 |   0.0 |   303
          D:11 |       0 |    1120 |   0.0 |       0 |       5 |   0.0 |    71
               +---------+---------+-------+---------+---------+-------+---------
